[Event "Titled Tuesday Blitz May 24 Late 2022"]
[White "Gong, Patrick"]
[Black "Semenenko, Dmytry"]
[WhiteFideId "3222500"]
[BlackFideId "14118645"]
[WhiteElo "2103"]
[BlackElo "2113"]
[Result "1-0"]
[Round "03"]
[TimeControl "180+1"]
[Date "2022.05.25"]
[WhiteClock "0:01:38"]
[BlackClock "0:01:48"]

1. e4 Nf6 2. e5 Nd5 3. c4 Nb6 4. a4 a5 5. d4 d6 6. exd6 cxd6 7. Nc3 g6 8. c5 dxc5 9. Bb5+ N6d7 10. Bf4 Bg7 11. Nd5 O-O 12. Bc7 Qe8 13. Nb6 Ra7 14. Bxb8 Bxd4 15. Bxa7 Qd8 16. Nxc8 Qxc8 17. Ne2 Bxb2 18. Ra2 Bd4 19. Nxd4 cxd4 20. Bxd4 e5 21. Ba1 Nc5 22. O-O Qf5 23. Qd5 Ne6 24. Qxe5 Qxe5 25. Bxe5 1-0


[Site "https://www.chess.com"]

[Event "Titled Tuesday Blitz May 24 Late 2022"]
[White "Gorodetzky, David"]
[Black "Kostiukov, Alexandr"]
[WhiteFideId "2813416"]
[BlackFideId "14108100"]
[WhiteElo "2494"]
[BlackElo "2202"]
[Result "1-0"]
[Round "03"]
[TimeControl "180+1"]
[Date "2022.05.24"]
[WhiteClock "0:01:47"]
[BlackClock "0:01:13"]

1. b3 g6 2. Bb2 Nf6 3. Nf3 Bg7 4. g3 O-O 5. Bg2 c5 6. c4 Nc6 7. O-O d5 8. cxd5 Qxd5 9. Nc3 Qh5 10. Rc1 Bh3 11. d3 Rac8 12. Re1 Ng4 13. Na4 Nd4 14. Bxd4 cxd4 15. Rxc8 Rxc8 16. Qb1 Bxg2 17. Kxg2 b5 18. Nb2 Bh6 19. h3 Nf6 20. Nxd4 Qd5+ 21. Nf3 e5 22. e4 Qc5 23. d4 exd4 24. Nd3 Qc3 25. g4 Bg7 26. Rc1 Nxe4 27. Rxc3 dxc3 28. Qc2 a5 29. Nf4 Nf6 30. g5 Ne8 31. Nd5 b4 32. Ne7+ 1-0


[Site "https://www.chess.com"]

[Event "Titled Tuesday Blitz May 24 Late 2022"]
[White "Griffith, Kyron"]
[Black "Rustemov, Alexander"]
[WhiteFideId "2046318"]
[BlackFideId "4119002"]
[WhiteElo "2232"]
[BlackElo "2854"]
[Result "1/2-1/2"]
[Round "03"]
[TimeControl "180+1"]
[Date "2022.05.24"]
[WhiteClock "0:00:09"]
[BlackClock "0:00:09"]

1. e4 e6 2. d4 d5 3. Nd2 dxe4 4. Nxe4 Bd7 5. Nf3 Bc6 6. Bd3 Nd7 7. Bf4 Ngf6 8. Nxf6+ Nxf6 9. O-O Bxf3 10. Qxf3 c6 11. c3 Bd6 12. Rad1 Bxf4 13. Qxf4 O-O 14. Rfe1 Re8 15. h3 g6 16. Qf3 Kg7 17. Bc2 Qd5 18. Qxd5 cxd5 19. a4 Rac8 20. Bd3 h5 21. Ra1 Re7 22. a5 Ne8 23. Ra4 Nd6 24. Rb4 Rec7 25. Ra1 h4 26. Kf1 Kf6 27. Ke2 g5 28. Kf3 Ke7 29. Re1 f6 30. g3 hxg3 31. fxg3 Rh8 32. Rh1 f5 33. h4 gxh4 34. gxh4 Kf6 35. Ra4 Rch7 36. Kg3 Rg7+ 37. Kf3 Rg4 38. h5 Rg5 39. c4 dxc4 40. Bxc4 Rgxh5 41. Rxh5 Rxh5 42. Bf1 Rh2 43. Bg2 Rh4 44. Rb4 Ke7 45. Ke3 f4+ 46. Kf2 Rh2 47. Kg1 Rh5 48. Bxb7 Rxa5 49. Kf2 Rb5 50. Rxb5 Nxb5 51. Kf3 Nxd4+ 52. Kxf4 Kd6 53. Ke4 Nb3 54. Ke3 Nc5 55. Bf3 Na4 56. b4 Nc3 57. Kd4 Nd5 58. Kc4 Kc6 59. Bh1 Kb6 60. Be4 Nf6 61. Bg6 Kc6 62. Bf7 e5 63. Bg6 Kb6 64. Bf5 e4 65. Bg6 e3 66. Kd3 Nd5 67. Bf7 Nxb4+ 68. Kxe3 Kc5 69. Kd2 Nc6 70. Kc2 Kb4 71. Kb2 Ne5 72. Be6 Nd3+ 73. Ka2 Nc5 74. Bf7 Na4 75. Bg8 Nc3+ 76. Kb2 Ne4 77. Ka2 Nf6 78. Bf7 Nd7 79. Kb2 Ne5 80. Bg8 a5 81. Ka2 Nd3 82. Bf7 Nc1+ 83. Kb1 Ne2 84. Ka2 Nf4 85. Kb2 Nd3+ 86. Ka2 Ne5 87. Bg8 a4 88. Kb2 Nc6 89. Ka2 Na5 90. Kb2 Nb7 91. Ka2 Nd6 92. Kb2 Ne4 93. Ka2 Nf6 94. Bf7 Ng4 95. Kb2 Ne5 96. Bg8 Nd3+ 97. Ka2 Nc1+ 98. Kb2 Nd3+ 99. Ka2 Ne5 100. Kb2 1/2-1/2


[Site "https://www.chess.com"]

[Event "Titled Tuesday Blitz May 24 Late 2022"]
[White "Grigoriants, Sergey"]
[Black "Romanchuk, Viktor"]
[WhiteFideId "4130804"]
[BlackFideId "14109271"]
[WhiteElo "2502"]
[BlackElo "2242"]
[Result "0-1"]
[Round "03"]
[TimeControl "180+1"]
[Date "2022.05.24"]
[WhiteClock "0:00:02"]
[BlackClock "0:00:56"]

1. e4 e6 2. d4 d5 3. Nd2 dxe4 4. Nxe4 Nd7 5. Nf3 Ngf6 6. Nxf6+ Nxf6 7. Bd3 c5 8. O-O cxd4 9. Nxd4 Bc5 10. Nb3 Bd6 11. h3 Qc7 12. Bg5 Bd7 13. c3 h6 14. Bxf6 gxf6 15. Qe2 Rg8 16. Be4 O-O-O 17. Kh1 Rg5 18. Rad1 Bc6 19. Nd4 Bxe4 20. Qxe4 Bc5 21. Nb5 Qc6 22. Rxd8+ Kxd8 23. Rd1+ Ke7 24. Qxc6 bxc6 25. Nd4 Bxd4 26. Rxd4 Rd5 27. Ra4 a5 28. g3 Kd6 29. Kg2 Kc7 30. Kf3 Kb6 31. Ke2 Re5+ 32. Kd2 Rf5 33. Ke2 Re5+ 34. Kd2 Rf5 35. Rf4 Rxf4 36. gxf4 Kc5 37. Kd3 f5 38. b3 f6 39. a3 e5 40. b4+ axb4 41. axb4+ Kb5 42. f3 c5 43. bxc5 Kxc5 44. h4 h5 45. c4 Kb4 0-1


[Site "https://www.chess.com"]

[Event "Titled Tuesday Blitz May 24 Late 2022"]
[White "Gross, Nicholas"]
[Black "Dilanyan, Grigor"]
[WhiteFideId "30921961"]
[BlackFideId "13303570"]
[WhiteElo "1958"]
[BlackElo "2279"]
[Result "1-0"]
[Round "03"]
[TimeControl "180+1"]
[Date "2022.05.25"]
[WhiteClock "0:01:53"]
[BlackClock "0:02:05"]

1. e4 e5 2. Nf3 Nc6 3. Bc4 Nf6 4. d4 exd4 5. O-O Nxe4 6. Re1 d5 7. Bxd5 Qxd5 8. Nc3 Qa5 9. Nxe4 Be6 10. Neg5 O-O-O 11. Nxe6 fxe6 12. Rxe6 Bd6 13. Bg5 Rde8 14. Qe2 Kd7 15. Rxe8 Rxe8 16. Qd3 h6 17. Bd2 Qh5 18. g3 Ne5 19. Nxe5+ Qxe5 20. Re1 Qd5 21. Rxe8 Kxe8 22. Qg6+ Kf8 23. b3 b6 24. a4 a5 25. h4 Qe5 26. Qd3 Ke7 27. Qg6 Kf8 28. Qg4 Kf7 29. h5 Qf6 30. Qe4 Be5 31. Kg2 Ke7 32. f4 Kd6 33. fxe5+ Qxe5 34. Bf4 1-0


[Site "https://www.chess.com"]

[Event "Titled Tuesday Blitz May 24 Late 2022"]
[White "Gschnitzer, Adrian"]
[Black "Karttunen, Mika"]
[WhiteFideId "1270337"]
[BlackFideId "502081"]
[WhiteElo "2294"]
[BlackElo "2343"]
[Result "0-1"]
[Round "03"]
[TimeControl "180+1"]
[Date "2022.05.25"]
[WhiteClock "0:00:01"]
[BlackClock "0:00:28"]

1. e4 e6 2. d4 d5 3. Nd2 Nc6 4. Ngf3 Nf6 5. e5 Nd7 6. Bb5 Na5 7. O-O c5 8. c3 Nc6 9. Re1 Qb6 10. a4 Be7 11. dxc5 Bxc5 12. Qe2 O-O 13. b4 Be7 14. a5 Qc7 15. Nb3 f6 16. exf6 Nxf6 17. Bd3 Bd6 18. Nbd4 Nxd4 19. Nxd4 Bxh2+ 20. Kh1 Bf4 21. Nxe6 Bxe6 22. Qxe6+ Kh8 23. Qh3 Rae8 24. Bxf4 Qxf4 25. Kg1 Qd2 26. Rxe8 Rxe8 27. Bf5 g6 28. Bxg6 Re2 29. Qf3 Kg7 30. Bd3 Qxc3 31. Qg3+ Kh8 32. Qb8+ Re8 33. Qxb7 Qxa1+ 34. Kh2 Qe5+ 35. g3 Qh5+ 36. Kg2 Ng4 37. Qd7 Rf8 38. f4 Qh2+ 39. Kf3 Ne5+ 0-1


[Site "https://www.chess.com"]

[Event "Titled Tuesday Blitz May 24 Late 2022"]
[White "Guzman, Christopher"]
[Black "Holt, Conrad"]
[WhiteFideId "6405096"]
[BlackFideId "2034387"]
[WhiteElo "2244"]
[BlackElo "2586"]
[Result "0-1"]
[Round "03"]
[TimeControl "180+1"]
[Date "2022.05.24"]
[WhiteClock "0:00:55"]
[BlackClock "0:00:11"]

1. e4 e6 2. d4 d5 3. exd5 exd5 4. Bd3 Nc6 5. Nf3 Bg4 6. c3 Bd6 7. O-O Nge7 8. a4 Qd7 9. b4 O-O 10. Re1 Ng6 11. Be3 Rae8 12. Nbd2 Nf4 13. Bxf4 Bxf4 14. Qc2 g6 15. h3 Be6 16. Re2 a5 17. b5 Ne7 18. Rae1 Qd8 19. Ne5 Nf5 20. Ndf3 Bc8 21. g3 Bh6 22. Kg2 Nd6 23. Ng4 Bg7 24. Rxe8 Rxe8 25. Rxe8+ Qxe8 26. Nd2 Qe6 27. f3 h5 28. Nf2 h4 29. g4 Bh6 30. Nb3 b6 31. Qe2 Qf6 32. Qe5 Qf4 33. Qxf4 Bxf4 34. Kf1 Bd7 35. Na1 c6 36. bxc6 Bxc6 37. Bc2 Nc4 38. Ke2 Bd2 39. Nd1 Bc1 40. Bb3 b5 41. Bxc4 bxc4 42. Ne3 Bxe3 43. Kxe3 Bxa4 44. Kd2 g5 45. Kc1 Kf8 46. Kb2 Bd1 47. Nc2 Bxf3 48. Ne3 Ke7 49. Ka3 Ke6 50. Ka4 Be4 51. Kxa5 f5 52. gxf5+ Bxf5 53. Kb5 Bxh3 54. Kc5 Bg2 55. Nxg2 h3 0-1


[Site "https://www.chess.com"]

[Event "Titled Tuesday Blitz May 24 Late 2022"]
[White "Haas, Michael"]
[Black "Lehtosaari, Mauri"]
[WhiteFideId "1629514"]
[BlackFideId "501999"]
[WhiteElo "1982"]
[BlackElo "2489"]
[Result "0-1"]
[Round "03"]
[TimeControl "180+1"]
[Date "2022.05.25"]
[WhiteClock "0:00:26"]
[BlackClock "0:01:09"]

1. d4 d5 2. c4 c6 3. Nf3 Nf6 4. g3 Bf5 5. Nc3 e6 6. Bg2 Nbd7 7. O-O Be7 8. Nh4 Bg6 9. cxd5 exd5 10. Nxg6 hxg6 11. e4 dxe4 12. Nxe4 Nxe4 13. Bxe4 Nf6 14. Bg2 O-O 15. Re1 Nd5 16. Bxd5 cxd5 17. Qb3 Qd7 18. Bf4 Rac8 19. Rac1 Bf6 20. Rxc8 Rxc8 21. Be5 Re8 22. f4 Qc6 23. Qc3 Qb6 24. Kg2 Qb5 25. b3 Bd8 26. Rd1 Qe2+ 0-1


[Site "https://www.chess.com"]

[Event "Titled Tuesday Blitz May 24 Late 2022"]
[White "Halkias, Stelios"]
[Black "Wachinger, Guenther"]
[WhiteFideId "4201809"]
[BlackFideId "4604261"]
[WhiteElo "2453"]
[BlackElo "2212"]
[Result "1/2-1/2"]
[Round "03"]
[TimeControl "180+1"]
[Date "2022.05.25"]
[WhiteClock "0:00:11"]
[BlackClock "0:00:08"]

1. Nf3 d5 2. d4 e6 3. c4 c6 4. g3 Nf6 5. Bg2 Be7 6. O-O O-O 7. Qc2 b6 8. Nbd2 Bb7 9. e4 Na6 10. a3 c5 11. exd5 exd5 12. dxc5 Nxc5 13. b4 Ne6 14. Bb2 Rc8 15. Nd4 Nxd4 16. Bxd4 Qd7 17. Rad1 dxc4 18. Bxf6 Bxf6 19. Ne4 Qc7 20. Nxf6+ gxf6 21. Bxb7 Qxb7 22. Rd4 Qf3 23. Rxc4 Rxc4 24. Qxc4 Qxa3 25. Qg4+ Kh8 26. Re1 a5 27. Qd4 Kg7 28. Re4 h5 29. Qxb6 axb4 30. Rxb4 Re8 31. Rb1 Qf3 32. Qd4 Re4 33. Qd2 Re2 34. Qd4 Re4 35. Qd2 Re2 36. Qd4 Re4 1/2-1/2


[Site "https://www.chess.com"]

[Event "Titled Tuesday Blitz May 24 Late 2022"]
[White "Huber, Benedikt"]
[Black "Yurovskykh, Oleksandr"]
[WhiteFideId "12923583"]
[BlackFideId "14134020"]
[WhiteElo "1979"]
[BlackElo "2292"]
[Result "1/2-1/2"]
[Round "03"]
[TimeControl "180+1"]
[Date "2022.05.25"]
[WhiteClock "0:00:04"]
[BlackClock "0:00:10"]

1. d4 Nf6 2. c4 c5 3. d5 e5 4. Nc3 d6 5. e4 Nbd7 6. Nf3 Be7 7. Be2 O-O 8. O-O Ne8 9. a3 g6 10. Bh6 Ng7 11. b4 b6 12. Nd2 Bg5 13. Bxg5 Qxg5 14. Nb3 f5 15. Qd2 Qxd2 16. Nxd2 Ne8 17. b5 Nef6 18. f3 a5 19. bxa6 Bxa6 20. Rfb1 Ra7 21. Nb5 Bxb5 22. cxb5 fxe4 23. fxe4 Kf7 24. Bd3 Ke7 25. Nc4 Ne8 26. a4 Nef6 27. a5 bxa5 28. b6 Rb7 29. Rxa5 Rfb8 30. Rab5 Ra8 31. Na5 Rxa5 32. Rxa5 Rxb6 33. Rxb6 Nxb6 34. Ra7+ Kf8 35. Ra6 c4 36. Bc2 Nfd7 37. Ba4 c3 38. Bxd7 c2 39. Ra1 Nxd7 40. Rc1 Nc5 41. Rxc2 Nxe4 42. Rc7 Nf6 43. h3 h6 44. g4 Ke8 45. Rg7 Nxd5 46. Rxg6 Nf4 47. Rxd6 Nxh3+ 48. Kh2 Nf2 49. Rg6 Kf7 50. Ra6 Nxg4+ 51. Kg3 h5 52. Kh4 Nf6 53. Kg5 Ne4+ 54. Kxh5 Nf6+ 55. Kg5 Ne4+ 56. Kf5 Nc5 57. Ra7+ Ke8 58. Kxe5 Nd3+ 59. Ke6 Nc5+ 60. Kd6 Ne4+ 61. Ke6 Ng5+ 62. Kf6 Ne4+ 63. Ke5 Nc5 64. Rc7 Nd3+ 65. Kf5 Kd8 66. Rc4 Ke7 67. Ke4 Nf2+ 68. Kf3 Nd3 69. Ke3 Ne5 70. Re4 Kd6 71. Kd4 Nf3+ 72. Ke3 Ne5 73. Rh4 Nc6 74. Rh6+ Kc5 75. Ke4 Nb4 76. Rh8 Nc6 77. Rc8 Kd6 78. Rh8 Kc5 79. Rh1 Kd6 80. Rc1 Ne7 81. Kf4 Nd5+ 82. Kf5 Ne7+ 83. Kf6 Nd5+ 84. Kf7 Ke5 85. Re1+ Kd6 86. Rd1 Ke5 87. Ke8 Ne3 88. Re1 Kd4 89. Kd7 Nc4 90. Ke6 Kc5 91. Rc1 Kd4 92. Kf5 Kd5 93. Rd1+ Kc5 94. Ke4 Nd6+ 95. Kd3 Kd5 96. Ra1 Ke5 97. Ra5+ Ke6 98. Kd4 Nf5+ 99. Kc5 Ke5 100. Ra1 Ne3 101. Re1 Ke4 102. Re2 Kd3 103. Rh2 Nc2 104. Rh3+ Kd2 105. Kc4 Ne3+ 106. Kb3 Kd3 107. Rg3 Kd4 108. Rxe3 Kxe3 1/2-1/2


[Site "https://www.chess.com"]

[Event "Titled Tuesday Blitz May 24 Late 2022"]
[White "Ibarra Jerez, Jose Carlos"]
[Black "Goltsev, Dmitry"]
[WhiteFideId "2226332"]
[BlackFideId "24176710"]
[WhiteElo "2626"]
[BlackElo "2258"]
[Result "1-0"]
[Round "03"]
[TimeControl "180+1"]
[Date "2022.05.24"]
[WhiteClock "0:00:25"]
[BlackClock "0:00:03"]

1. e4 e6 2. d4 d5 3. Nc3 Nf6 4. Bg5 dxe4 5. Nxe4 Be7 6. Bxf6 Bxf6 7. Nf3 Nd7 8. Qd2 Be7 9. O-O-O b6 10. Bd3 Bb7 11. h4 h6 12. Qf4 Nf6 13. Ne5 Qd5 14. Nc3 Qd8 15. Bb5+ Kf8 16. Rhe1 Qd6 17. g4 g5 18. hxg5 hxg5 19. Qxg5 Ne4 20. Qe3 Bg5 21. f4 Nxc3 22. fxg5 Nxd1 23. Qf4 Rh7 24. g6 Rg7 25. Rxd1 Ke7 26. gxf7 Rf8 27. Rf1 Rgxf7 28. Qg5+ Rf6 29. Rxf6 Rxf6 30. Qg7+ Rf7 31. Qxf7+ Kd8 32. Qe8# 1-0


[Site "https://www.chess.com"]

[Event "Titled Tuesday Blitz May 24 Late 2022"]
[White "Isajevsky, Anton"]
[Black "Lodici, Lorenzo"]
[WhiteFideId "4142500"]
[BlackFideId "884189"]
[WhiteElo "2510"]
[BlackElo "2265"]
[Result "1-0"]
[Round "03"]
[TimeControl "180+1"]
[Date "2022.05.24"]
[WhiteClock "0:00:11"]
[BlackClock "0:00:57"]

1. c4 e6 2. Nf3 b6 3. g3 Bb7 4. Bg2 c5 5. O-O Nf6 6. Nc3 Nc6 7. b3 Be7 8. Bb2 O-O 9. d4 d6 10. e3 a6 11. d5 exd5 12. Nxd5 Nxd5 13. Qxd5 Bf6 14. Rab1 Bxb2 15. Rxb2 Qf6 16. Rd2 Rad8 17. Rfd1 h6 18. Nh4 g6 19. Qf3 Qe7 20. Qf4 Kg7 21. Rxd6 Rxd6 22. Rxd6 Rd8 23. Rxd8 Qxd8 24. Bd5 Qe7 25. Nf3 Nb4 26. Bxb7 Qxb7 27. a3 Nd3 28. Qd6 Nc1 29. Nd2 h5 30. h4 Kh7 31. a4 a5 32. Qd5 Qe7 33. Ne4 Nxb3 34. Nd6 Kg7 35. Nc8 Qc7 36. Nd6 Qd7 37. Qe5+ f6 38. Ne8+ Kf7 39. Nxf6 Qe6 40. Qxe6+ Kxe6 41. Nd5 Nd2 42. Nxb6 Ne4 43. Kg2 Nc3 44. Kf3 Kd6 45. Kf4 Kc6 46. Nd5 Nxd5+ 47. cxd5+ Kxd5 48. e4+ Kd4 49. e5 c4 50. e6 c3 51. e7 c2 52. e8=Q c1=Q+ 53. Qe3+ Qxe3+ 54. fxe3+ Kc4 55. Kg5 Kb4 56. e4 Kxa4 57. e5 Kb5 58. e6 Kc6 59. Kf6 a4 60. e7 1-0


[Site "https://www.chess.com"]

[Event "Titled Tuesday Blitz May 24 Late 2022"]
[White "Ivanisevic, Ivan"]
[Black "Antipov, Mikhail Al."]
[WhiteFideId "912417"]
[BlackFideId "4107012"]
[WhiteElo "2495"]
[BlackElo "2512"]
[Result "0-1"]
[Round "03"]
[TimeControl "180+1"]
[Date "2022.05.24"]
[WhiteClock "0:00:06"]
[BlackClock "0:00:02"]

1. d4 Nf6 2. c4 g6 3. Nc3 d5 4. h4 c5 5. cxd5 Nxd5 6. dxc5 Nxc3 7. Qxd8+ Kxd8 8. bxc3 Bg7 9. Bd2 Bd7 10. Nf3 Na6 11. O-O-O Nxc5 12. Ng5 Ke8 13. Be3 Rc8 14. g3 Bxc3 15. Bg2 Bf6 16. Kd2 h6 17. Bxc5 hxg5 18. Bxa7 gxh4 19. gxh4 Ra8 20. Bb6 Rxa2+ 21. Ke3 Rh5 22. Bf3 Re5+ 23. Kf4 Rb5 24. Be3 Be5+ 25. Kg5 Bg7+ 26. Kf4 Be6 27. Kg3 Rb3 28. h5 Be5+ 29. Kg2 gxh5 30. Rxh5 Bf6 31. Rh7 Bf5 32. Rh6 Kf8 33. Rhh1 Kg7 34. Rdg1 Bg6 35. Kg3 Rb4 36. Kg2 Ra3 37. Rc1 Raa4 38. Rc7 b5 39. Rhc1 Be4 40. Rc8 Bxf3+ 41. Kxf3 Kg6 42. Rg1+ Kf5 43. Rc5+ e5 44. Rg8 Rb3 45. Kg2 Ra2 46. Rc6 Rxe2 47. Kf3 Reb2 48. Rf8 e4+ 49. Kg3 Be5+ 50. Kh4 f6 51. Kh5 Rxe3 52. Rfxf6+ Bxf6 53. fxe3 Rh2# 0-1


[Site "https://www.chess.com"]

[Event "Titled Tuesday Blitz May 24 Late 2022"]
[White "Jacobson, Brandon"]
[Black "Wieczorek, Oskar"]
[WhiteFideId "30901561"]
[BlackFideId "1133950"]
[WhiteElo "2362"]
[BlackElo "2330"]
[Result "1-0"]
[Round "03"]
[TimeControl "180+1"]
[Date "2022.05.24"]
[WhiteClock "0:00:09"]
[BlackClock "0:00:06"]

1. Nf3 g6 2. e4 Bg7 3. d4 d6 4. Nc3 Nf6 5. Bc4 Nxe4 6. Nxe4 d5 7. Bd3 dxe4 8. Bxe4 O-O 9. O-O Nd7 10. c3 c5 11. Be3 cxd4 12. Nxd4 a6 13. Re1 Nf6 14. Bf3 e5 15. Nb3 Qc7 16. Bg5 Bf5 17. Nd2 Rad8 18. Qb3 h6 19. Be3 e4 20. Bb6 Qc6 21. Nxe4 Bxe4 22. Bxe4 Nxe4 23. Bxd8 Rxd8 24. Rad1 Rxd1 25. Rxd1 Bf8 26. Qd5 Qxd5 27. Rxd5 Nd6 28. Kf1 Kg7 29. b3 Kf6 30. c4 Ke6 31. Ke2 Be7 32. Rd1 Ne4 33. Rd3 f5 34. f3 Nc5 35. Rd1 f4 36. Rd4 g5 37. b4 Nd7 38. c5 Bf6 39. Rd6+ Ke7 40. Rd5 Ne5 41. a4 Nc6 42. Rd6 Nd4+ 43. Kd3 Ne6 44. Rb6 Nd8 45. Kc4 Be5 46. Rxh6 Ne6 47. Rh7+ Bg7 48. b5 axb5+ 49. axb5 Kf6 50. c6 bxc6 51. b6 Nd8 52. Kc5 Kg6 53. Rxg7+ Kxg7 54. Kd6 c5 55. Kxc5 Kf7 56. Kd6 Ke8 57. Kc7 Ke7 58. g3 fxg3 59. hxg3 Ne6+ 60. Kc8 Nc5 61. b7 Na6 62. b8=Q Nxb8 63. Kxb8 Kd6 64. Kc8 Ke5 65. Kd7 Kd4 66. Ke6 Ke3 67. Kf5 Kxf3 68. g4 1-0


[Site "https://www.chess.com"]

[Event "Titled Tuesday Blitz May 24 Late 2022"]
[White "Janturin, Artur"]
[Black "Marin Ramirez, Gerardo"]
[WhiteFideId "4130022"]
[BlackFideId "3901068"]
[WhiteElo "2407"]
[BlackElo "1920"]
[Result "1-0"]
[Round "03"]
[TimeControl "180+1"]
[Date "2022.05.25"]
[WhiteClock "0:00:21"]
[BlackClock "0:00:10"]

1. b3 d5 2. Bb2 Nf6 3. e3 Bf5 4. f4 e6 5. Nf3 h6 6. g3 a6 7. Bg2 c5 8. O-O Nc6 9. d3 Be7 10. Nbd2 O-O 11. Qe2 Bh7 12. a3 Rc8 13. Kh1 d4 14. e4 Ng4 15. Rfc1 Ne3 16. Bh3 f5 17. e5 Bg6 18. Nf1 Nxf1 19. Rxf1 Bh5 20. Qf2 Rf7 21. Bc1 Bf8 22. Bd2 Ne7 23. Bg2 Nd5 24. a4 b6 25. h3 a5 26. Kh2 Rd7 27. Bc1 Rdc7 28. Nd2 Ne3 29. Nc4 Nxg2 30. Qxg2 Rf7 31. Bd2 Qd7 32. Nxb6 1-0


[Site "https://www.chess.com"]

[Event "Titled Tuesday Blitz May 24 Late 2022"]
[White "Jaracz, Pawel"]
[Black "Petrovic, Aleksa"]
[WhiteFideId "1102222"]
[BlackFideId "967629"]
[WhiteElo "2429"]
[BlackElo "2144"]
[Result "1-0"]
[Round "03"]
[TimeControl "180+1"]
[Date "2022.05.25"]
[WhiteClock "0:00:45"]
[BlackClock "0:00:03"]

1. d4 Nf6 2. c4 e6 3. Nc3 Bb4 4. e3 O-O 5. Bd3 d5 6. cxd5 exd5 7. Bd2 c5 8. a3 Bxc3 9. Bxc3 cxd4 10. Bxd4 Nc6 11. Ne2 Bg4 12. f3 Bh5 13. O-O Qe7 14. Qd2 Rfe8 15. Rae1 Rac8 16. Bb5 Bg6 17. Nf4 Red8 18. Bxc6 Rxc6 19. Rc1 Rdc8 20. Rxc6 Rxc6 21. Bxf6 Qxf6 22. Nxd5 Qd6 23. e4 h6 24. Rd1 Kh7 25. Nf4 Qc5+ 26. Qd4 Qg5 27. g3 Rf6 28. Qd5 Rb6 29. b4 Qf6 30. Qd4 Qc6 31. h4 Qc2 32. Rd2 Qc1+ 33. Kg2 Qxa3 34. h5 Bxh5 35. Nxh5 Rg6 36. Nf4 Rg5 37. Rc2 Qb3 38. Qc3 Qa4 39. Rd2 Qa6 40. Rd5 Rxd5 41. exd5 Qa2+ 42. Kh3 Qb1 43. Qd3+ Qxd3 44. Nxd3 Kg6 45. g4 Kf6 46. f4 Ke7 47. Nc5 Kd6 48. Nxb7+ Kxd5 49. Na5 Ke4 50. Kg3 g5 51. f5 f6 52. Nc6 a6 53. Nb8 Kd5 54. Nxa6 Kc4 55. Kf3 Kb5 56. Nc7+ Kxb4 57. Nd5+ 1-0


[Site "https://www.chess.com"]

[Event "Titled Tuesday Blitz May 24 Late 2022"]
[White "Jarocka, Liwia"]
[Black "Clawitter, Craig"]
[WhiteFideId "21807558"]
[BlackFideId "2023105"]
[WhiteElo "1887"]
[BlackElo "2204"]
[Result "0-1"]
[Round "03"]
[TimeControl "180+1"]
[Date "2022.05.25"]
[WhiteClock "0:01:32"]
[BlackClock "0:01:04"]

1. Nf3 Nf6 2. d4 e6 3. c4 d5 4. Nc3 c6 5. Bg5 h6 6. Bh4 dxc4 7. e4 g5 8. Bg3 b5 9. e5 Nd5 10. Ne4 Nd7 11. h4 g4 12. Nfd2 h5 13. Be2 Bb7 14. O-O c5 15. b3 c3 16. Nb1 cxd4 17. Bxb5 Qb6 18. a4 a6 19. Bxd7+ Kxd7 20. Na3 Bxa3 21. Rxa3 Ke7 22. Qd3 Nb4 23. Qd1 Bxe4 0-1


[Site "https://www.chess.com"]

[Event "Titled Tuesday Blitz May 24 Late 2022"]
[White "Jeet, Jain"]
[Black "Melikhov, Evgeny V."]
[WhiteFideId "5073022"]
[BlackFideId "4122046"]
[WhiteElo "2028"]
[BlackElo "1931"]
[Result "1-0"]
[Round "03"]
[TimeControl "180+1"]
[Date "2022.05.25"]
[WhiteClock "0:01:01"]
[BlackClock "0:00:52"]

1. Nf3 f5 2. d3 Nf6 3. Nc3 d6 4. e4 e5 5. g3 Be7 6. Bg2 O-O 7. h3 Nc6 8. Bg5 Qe8 9. Bxf6 Bxf6 10. Nd5 Qf7 11. c3 Be6 12. O-O Bxd5 13. exd5 Ne7 14. c4 g5 15. Rc1 b6 16. b4 h5 17. Nd2 a5 18. b5 g4 19. hxg4 hxg4 20. f3 gxf3 21. Qxf3 Kg7 22. g4 f4 23. Ne4 Ng6 24. g5 Be7 25. Bh3 Nh4 26. Qf2 Nf5 27. Qf3 Rh8 28. Rf2 Rh4 29. g6 Qxg6+ 30. Rg2 Ng3 31. Nxg3 Rxh3 32. Nf5+ Kf6 33. Rxg6+ 1-0


[Site "https://www.chess.com"]

[Event "Titled Tuesday Blitz May 24 Late 2022"]
[White "Jia, Haoxiang"]
[Black "Sibilio, Mario"]
[WhiteFideId "8602999"]
[BlackFideId "800422"]
[WhiteElo "2609"]
[BlackElo "2296"]
[Result "1-0"]
[Round "03"]
[TimeControl "180+1"]
[Date "2022.05.25"]
[WhiteClock "0:00:23"]
[BlackClock "0:00:01"]

1. d4 d6 2. Nc3 g6 3. e4 Bg7 4. Be3 a6 5. Qd2 b5 6. h4 h5 7. f3 Nf6 8. Nh3 Bxh3 9. Rxh3 Nbd7 10. O-O-O Rc8 11. Bg5 c5 12. dxc5 Rxc5 13. Kb1 Qc7 14. Be3 Re5 15. Bd4 O-O 16. Bxe5 Nxe5 17. f4 Neg4 18. Nd5 Nxd5 19. exd5 b4 20. Bxa6 Qb6 21. Bd3 Nf2 22. Rhh1 Nxh1 23. Rxh1 Qd4 24. Qc1 Qxd5 25. Re1 Ra8 26. a3 bxa3 27. Be4 axb2 28. Qxb2 Qxe4 29. Rxe4 Bxb2 30. Kxb2 e6 31. Rb4 d5 32. c4 dxc4 33. Rxc4 Rd8 34. Kc2 Kg7 35. Rc7 Kf6 36. g3 Rd5 37. Ra7 Rf5 38. Kd3 e5 39. Ra6+ Kg7 40. fxe5 Rxe5 41. Kd4 Re1 42. Ra7 Kf6 43. Ra6+ Kf5 44. Ra7 f6 45. Ra6 1-0


[Site "https://www.chess.com"]

[Event "Titled Tuesday Blitz May 24 Late 2022"]
[White "Joubert, Dantelle"]
[Black "Bonte, Andrei-Mihai"]
[WhiteFideId "14310813"]
[BlackFideId "1210297"]
[WhiteElo "1507"]
[BlackElo "2192"]
[Result "1-0"]
[Round "03"]
[TimeControl "180+1"]
[Date "2022.05.25"]
[WhiteClock "0:00:23"]
[BlackClock "0:00:08"]

1. Nf3 d5 2. c4 c6 3. d4 Nf6 4. cxd5 cxd5 5. Nc3 Nc6 6. Bf4 a6 7. e3 Bg4 8. Rc1 e6 9. Qb3 Bxf3 10. gxf3 Na5 11. Qa4+ Nd7 12. h4 b5 13. Nxb5 axb5 14. Bxb5 Nc4 15. Bxd7+ Ke7 16. Qc6 Qxd7 17. Qxa8 f6 18. b3 Kf7 19. Ke2 Ba3 20. Qxh8 Bxc1 21. Rxc1 e5 22. bxc4 exf4 23. cxd5 Qb5+ 24. Kd1 Qa4+ 25. Ke1 Qb4+ 26. Kf1 Qb2 27. Rc7+ Kg6 28. Qxg7+ Kh5 29. Qg4+ Kh6 30. Qxf4+ Kh5 31. Qg4+ Kh6 32. Qf4+ Kh5 33. Rxh7+ Kg6 34. Rh6+ Kg7 35. Qxf6+ Kg8 36. Rh8# 1-0


[Site "https://www.chess.com"]

[Event "Titled Tuesday Blitz May 24 Late 2022"]
[White "Kim, Sergey"]
[Black "Jorquera, Marcelo"]
[WhiteFideId "13700570"]
[BlackFideId "3401197"]
[WhiteElo "2546"]
[BlackElo "2136"]
[Result "1-0"]
[Round "03"]
[TimeControl "180+1"]
[Date "2022.05.25"]
[WhiteClock "0:01:17"]
[BlackClock "0:00:01"]

1. d4 Nf6 2. c4 g6 3. Nc3 Bg7 4. e4 d6 5. Nge2 O-O 6. Ng3 h5 7. h4 a5 8. Be2 e5 9. d5 Na6 10. Bg5 Qe8 11. Qd2 Nc5 12. O-O-O Bd7 13. Kb1 Nh7 14. Bh6 Qe7 15. Bxg7 Kxg7 16. Nb5 Bxb5 17. cxb5 Nf6 18. f3 Nfd7 19. Rc1 Qf6 20. Nf1 Qf4 21. Qd1 a4 22. g3 Qf6 23. Qd2 Rh8 24. Ne3 Nb6 25. Qb4 Qe7 26. Rcg1 Kf8 27. Qd2 Ke8 28. Nc2 Kd7 29. Bf1 Kc8 30. Bh3+ Kb8 31. Nb4 Qf6 32. Rf1 Qe7 33. Rc1 Qe8 34. Qe2 Ra5 35. Bf1 Qd7 36. Qd2 Ra8 37. Rc3 Qe7 38. Qe3 Kc8 39. Bh3+ Kd8 40. Rhc1 Ke8 41. Nd3 Nxd3 42. Qxd3 1-0


[Site "https://www.chess.com"]

[Event "Titled Tuesday Blitz May 24 Late 2022"]
[White "Koniahli, Malek."]
[Black "Halak, Miklos"]
[WhiteFideId "7603495"]
[BlackFideId "726400"]
[WhiteElo "2097"]
[BlackElo "2197"]
[Result "1-0"]
[Round "03"]
[TimeControl "180+1"]
[Date "2022.05.25"]
[WhiteClock "0:01:00"]
[BlackClock "0:00:08"]

1. c4 c5 2. Nc3 Nc6 3. Nf3 g6 4. e3 Bg7 5. d4 cxd4 6. exd4 d6 7. d5 Ne5 8. Nxe5 Bxe5 9. Be2 Bg7 10. O-O Nf6 11. Re1 O-O 12. Be3 a6 13. Rc1 Bd7 14. Qd2 Rc8 15. b4 Re8 16. c5 dxc5 17. bxc5 Bf5 18. Bf3 Qa5 19. h3 Red8 20. Bd4 Nxd5 21. Bxg7 Kxg7 22. Bxd5 e6 23. Qd4+ Kg8 24. Qf6 exd5 25. Re7 Be6 26. h4 h5 27. Rxe6 fxe6 28. Qxg6+ Kf8 29. Qf6+ Kg8 30. Qxe6+ Kf8 31. Nxd5 Rc7 32. Qf6+ Rf7 33. Qh8# 1-0


[Site "https://www.chess.com"]